[Event "FIDE WCCC U8 2018"]
[Site "Santiago de Compostela"]
[Date "2018.11.12"]
[Round "8"]
[White "Zverev, Lev"]
[Black "Sowinski, Pawel"]
[Result "1-0"]
[ECO "B06"]
[WhiteElo "1723"]
[BlackElo "1318"]
[Annotator "NA RC"]
[PlyCount "135"]
[EventDate "2018.11.04"]
[EventType "swiss"]
[EventCountry "ESP"]
[SourceTitle "playchess.com"]
[Source "ChessBase"]
[SourceQuality "1"]
[TimeControl "40/5400+30:1800+30"]

1. e4 g6 2. d4 Bg7 3. Nc3 d6 4. Be3 c6 5. Bc4 Nd7 6. Qd2 Ngf6 7. f3 Qc7 8. O-O-O Rb8 9. Nh3 b5 10. Bb3 a5 11. a4 bxa4 12. Nxa4 Nb6 13. Qxa5 Bxh3 14. gxh3 Nfd7 15. Nxb6 Nxb6 16. Qd2 c5 17. c3 c4 18. Bc2 Qa7 19. Qf2 Na4 20. Bxa4+ Qxa4 21. Qc2 Rb3 22. Kd2 O-O 23. Ra1 Qb5 24. Rhb1 Rb8 25. Kd1 e5 26. d5 f5 27. Kc1 f4 28. Bf2 Bf6 29. Ra3 Qd7 30. Rxb3 cxb3 31. Qe2 Qxh3 32. Bg1 Qd7 33. Ra1 Rb7 34. Ra8+ Kg7 35. Qa6 Kh6 36. c4 Qh3 37. Qxb7 Qf1+ 38. Kd2 Qxg1 39. Qxb3 Qxh2+ 40. Kc1 Kg5 41. Qd1 Qf2 42. Kb1 h5 43. Qh1 h4 44. b4 Qd2 45. Qf1 Qxb4+ 46. Kc2 Kh6 47. Ra1 g5 48. Qe2 Bd8 49. Qd3 Bb6 50. Rb1 Qa4+ 51. Qb3 Qxb3+ 52. Rxb3 Bc5 53. Rb5 Kg6 54. Rb8 Kg7 55. Kd3 h3 56. Rb1 h2 57. Rh1 Bg1 58. Ke2 Kg6 59. Kf1 Bc5 60. Rxh2 g4 61. fxg4 Kg5 62. Rg2 f3 63. Rg3 Kf4 64. g5 Kxe4 65. g6 Ke3 66. g7 e4 67. g8=Q Kd2 68. Qe6 1-0

[Event "FIDE WCCC U8 2018"]
[Site "Santiago de Compostela"]
[Date "2018.11.12"]
[Round "8"]
[White "Azadaliyev, Jahandar"]
[Black "Finek, Vaclav"]
[Result "1-0"]
[ECO "D85"]
[WhiteElo "1674"]
[BlackElo "1942"]
[Annotator "NA RC"]
[PlyCount "91"]
[EventDate "2018.11.04"]
[EventType "swiss"]
[EventCountry "ESP"]
[SourceTitle "playchess.com"]
[Source "ChessBase"]
[SourceQuality "1"]
[TimeControl "40/5400+30:1800+30"]

1. d4 Nf6 2. c4 g6 3. Nc3 d5 4. cxd5 Nxd5 5. e4 Nxc3 6. bxc3 Bg7 7. Nf3 c5 8. Be2 O-O 9. Rb1 Nc6 10. d5 Ne5 11. Nxe5 Bxe5 {[%emt 0:00:10] LiveBook: 727 Games} 12. Qd2 Qc7 {[%emt 0:06:42] D85: Exchange Grünfeld: Unusual White 7th moves and lines with 7 Nf3} (12... e6 $11 13. f4 Bc7 14. O-O exd5 15. exd5 Ba5 16. Ba3 Qd6 17. Rb5 Bb6 18. c4 Bf5 19. g4 Be4 20. Bb2 f6 21. g5 Qd7 22. Bxf6 Bd8 23. Bb2 Qh3 24. Rf2 Bxg5 25. Rxb7 {1-0 (35) Korobov,A (2700)-Smirin,I (2655) Poikovsky 2015 CBM 169 [CB]}) 13. f4 Bg7 14. O-O Rd8 15. c4 b6 16. Bb2 Bxb2 $146 ({Predecessor:} 16... e6 17. Bxg7 Kxg7 18. Qc3+ Kg8 19. Rbd1 exd5 20. cxd5 Bb7 21. f5 Qe7 22. fxg6 fxg6 23. d6 Qg7 24. Bc4+ Kh8 25. Qxg7+ Kxg7 26. Rf7+ Kh6 27. Rxb7 {1-0 (27) Penna,T (1936)-Zannoni,G (1797) Santhia 2013}) 17. Qxb2 Bb7 (17... e6 $14) 18. f5 f6 19. Rf3 Qe5 20. Qxe5 fxe5 21. Rg3 Kg7 22. fxg6 hxg6 $11 {[%emt 0:00:03] keeps the balance.} 23. Bh5 Rd6 24. Be2 e6 25. Bd3 (25. Rg5 $16) 25... Re8 26. Rf1 exd5 27. exd5 e4 28. Re3 Ba6 (28... b5 $11) 29. Be2 $1 Rf6 $2 ({Black should play} 29... Bc8 $14) 30. Ra3 Rxf1+ 31. Kxf1 Bc8 32. Rxa7+ Kf6 33. Kf2 Ke5 (33... e3+ {might work better.} 34. Kf3 Bf5) 34. Ke3 g5 35. Rg7 Bf5 (35... Kf6 $142) 36. g4 Kf6 37. Rb7 Bc8 38. Rxb6+ Kg7 39. Rc6 Rh8 40. Rxc5 Rh3+ 41. Kxe4 Rxh2 42. Rxc8 Rxe2+ 43. Kf5 Rxa2 44. Kxg5 Re2 45. Rc7+ Kf8 $18 46. d6 1-0

[Event "FIDE WCCC U8 2018"]
[Site "Santiago de Compostela"]
[Date "2018.11.12"]
[Round "8"]
[White "Chen, Ryo"]
[Black "Nurgaliyev, Sauat"]
[Result "1-0"]
[ECO "B17"]
[WhiteElo "1573"]
[BlackElo "1764"]
[Annotator "NA RC"]
[PlyCount "111"]
[EventDate "2018.11.04"]
[EventType "swiss"]
[EventCountry "ESP"]
[SourceTitle "playchess.com"]
[Source "ChessBase"]
[SourceQuality "1"]
[TimeControl "40/5400+30:1800+30"]

1. e4 c6 2. d4 d5 3. Nc3 dxe4 4. Nxe4 Nd7 5. Nf3 Ngf6 6. Ng3 e6 7. Bd3 Bd6 8. O-O Qc7 9. Re1 O-O 10. Qe2 h6 11. Ne4 Be7 12. Nxf6+ Nxf6 13. Ne5 Rd8 14. c3 b6 15. Qf3 Bb7 16. Bxh6 Bf8 17. Bg5 Be7 18. Qh3 c5 19. Nxf7 Kxf7 20. Qxe6+ Kf8 21. Bxf6 Bxf6 22. Bc4 Bd5 23. Bxd5 Rxd5 24. Qxd5 Rd8 25. Qf5 cxd4 26. cxd4 Kf7 27. Qe6+ Kg6 28. Re3 Qd7 29. Qxd7 Rxd7 30. Rd1 Rxd4 31. Rg3+ Kf7 32. Rxd4 Bxd4 33. b3 a5 34. Rd3 Bc5 35. Kf1 Ke6 36. Ke2 b5 37. f4 a4 38. Kf3 a3 39. Ke4 b4 40. g4 Bf2 41. f5+ Kf6 42. Kf4 Be1 43. g5+ Kf7 44. Rd7+ Kf8 45. Ke5 Ke8 46. Rb7 Bc3+ 47. Ke6 Kd8 48. f6 Kc8 49. f7 Kxb7 50. f8=Q g6 51. h4 Kc6 52. Qc8+ Kb5 53. Kd5 Be1 54. Qb7+ Ka5 55. Kc6 Bxh4 56. Qa8# 1-0

[Event "FIDE WCCC U8 2018"]
[Site "Santiago de Compostela"]
[Date "2018.11.12"]
[Round "8"]
[White "Golovchenko, Bogdan"]
[Black "Lu, Miaoyi"]
[Result "0-1"]
[ECO "A08"]
[WhiteElo "1556"]
[BlackElo "1717"]
[Annotator "NA RC"]
[PlyCount "96"]
[EventDate "2018.11.04"]
[EventType "swiss"]
[EventCountry "ESP"]
[SourceTitle "playchess.com"]
[Source "ChessBase"]
[SourceQuality "1"]
[TimeControl "40/5400+30:1800+30"]

1. Nf3 d5 2. g3 c5 3. Bg2 g6 4. O-O Bg7 5. d3 Nc6 6. Nbd2 Nf6 7. Nb3 b6 8. c4 O-O 9. cxd5 Nxd5 10. a3 h6 11. Qc2 e5 12. Rd1 Be6 13. Bd2 Rc8 14. Re1 Qd7 15. Bc3 Nd4 16. Bxd4 cxd4 17. Qd1 Qb5 18. Nfd2 Ne7 19. a4 Qb4 20. a5 b5 21. a6 Rc7 22. Na5 Qxb2 23. Rb1 Qa2 24. Rxb5 Bd7 25. Rb7 Qxa5 26. Nb3 Qc3 27. Qb1 Rfc8 28. h4 Ba4 29. Kh2 Bxb3 30. Rxb3 Qc2 31. Rb7 Qc3 32. Rb3 Qa5 33. Bb7 Rb8 34. Rd1 Rc3 35. Rxc3 dxc3 36. e4 Qc5 37. Qc2 Qd4 38. Rb1 Rd8 39. Rd1 Kh7 40. Kg2 f5 41. f3 Qe3 42. exf5 Nxf5 43. Kh3 Qd4 44. Qc1 Qf2 45. Rg1 Rxd3 46. Be4 Rd2 47. Bxf5 gxf5 48. Rh1 Qg2# 0-1

[Event "FIDE WCCC U8 2018"]
[Site "Santiago de Compostela"]
[Date "2018.11.12"]
[Round "8"]
[White "Yonal, Timur"]
[Black "Udipi, Kala Kishan"]
[Result "1/2-1/2"]
[ECO "A05"]
[WhiteElo "1524"]
[BlackElo "1653"]
[Annotator "NA RC"]
[PlyCount "130"]
[EventDate "2018.11.04"]
[EventType "swiss"]
[EventCountry "ESP"]
[SourceTitle "playchess.com"]
[Source "ChessBase"]
[SourceQuality "1"]
[TimeControl "40/5400+30:1800+30"]

1. Nf3 Nf6 2. g3 c6 3. Bg2 d5 4. c4 e6 5. d4 Be7 6. Nc3 O-O 7. O-O Nbd7 8. Qc2 b6 9. b3 Ba6 10. Nd2 Rc8 11. e4 e5 12. dxe5 Nxe5 13. exd5 cxd5 14. Re1 Ng6 15. Bb2 dxc4 16. bxc4 Bxc4 17. Nxc4 Rxc4 18. Rad1 Qc7 19. Qd3 Rd8 20. Qf3 Rc8 21. Nb5 Qc5 22. Na3 Rb4 23. Rc1 Rxb2 24. Rxc5 Bxc5 25. Rf1 Ne5 26. Qf5 Re8 27. Nc2 Neg4 28. Bf3 g6 29. Qd3 Ne5 30. Qc3 Nxf3+ 31. Kg2 Rxc2 32. Qxc2 Ne1+ 33. Rxe1 Rxe1 34. Qd2 Re8 35. f3 Re3 36. Qd8+ Kg7 37. Qd2 Ra3 38. Qb2 Be7 39. h4 Kg8 40. Qd2 Ne8 41. Qe2 Kf8 42. Qb2 f6 43. g4 Ra5 44. Qd2 Kg7 45. Qe2 Kf8 46. Qd2 Nd6 47. Qe2 Kf7 48. Qc2 b5 49. Qd2 Nc4 50. Qd5+ Kg7 51. Qd7 Kf8 52. Qc8+ Kf7 53. Qc6 Rxa2+ 54. Kh3 Rb2 55. Qd5+ Kg7 56. Qb7 Kf8 57. Qa8+ Kf7 58. Qxa7 Ke6 59. Qd4 Re2 60. f4 Re3+ 61. Kg2 Bd6 62. f5+ gxf5 63. gxf5+ Kxf5 64. Qd5+ Be5 65. Qxb5 Re4 1/2-1/2

[Event "FIDE WCCC U8 2018"]
[Site "Santiago de Compostela"]
[Date "2018.11.12"]
[Round "8"]
[White "Chen, Zhiyuan"]
[Black "Usov, Aleksandr E."]
[Result "1-0"]
[ECO "A06"]
[WhiteElo "1459"]
[BlackElo "1640"]
[Annotator "NA RC"]
[PlyCount "61"]
[EventDate "2018.11.04"]
[EventType "swiss"]
[EventCountry "ESP"]
[SourceTitle "playchess.com"]
[Source "ChessBase"]
[SourceQuality "1"]
[TimeControl "40/5400+30:1800+30"]

1. Nf3 d5 2. g3 c6 3. Bg2 Bf5 4. O-O h6 5. d4 e6 6. c4 Nf6 7. Nc3 Be7 8. Qb3 Qc8 9. Bf4 Nbd7 10. Rac1 O-O 11. Ne5 Re8 12. cxd5 exd5 13. Nxd5 Nxd5 14. Bxd5 Nxe5 15. Bxe5 cxd5 16. Rxc8 Raxc8 17. Qxd5 Be6 18. Qxb7 Bxa2 19. b3 f6 20. Bc7 Kf8 21. Rc1 g6 22. Rc2 Bb1 23. Rc3 Bf5 24. e4 Bh3 25. f3 Bd7 26. d5 Kg8 27. d6 Bf8 28. Ba5 Rxc3 29. Bxc3 Be6 30. Bxf6 Bxd6 31. Qg7# 1-0

[Event "FIDE WCCC U8 2018"]
[Site "Santiago de Compostela"]
[Date "2018.11.12"]
[Round "8"]
[White "Villa Tornero, Alex"]
[Black "Schnaider, Ilan"]
[Result "1/2-1/2"]
[ECO "C00"]
[WhiteElo "1441"]
[BlackElo "1723"]
[Annotator "NA RC"]
[PlyCount "137"]
[EventDate "2018.11.04"]
[EventType "swiss"]
[EventCountry "ESP"]
[SourceTitle "playchess.com"]
[Source "ChessBase"]
[SourceQuality "1"]
[TimeControl "40/5400+30:1800+30"]

1. e4 e6 2. d4 d5 3. Bd3 dxe4 4. Bxe4 Nf6 5. Bf3 Nc6 6. Ne2 Be7 7. O-O O-O 8. Be3 Nd5 9. c3 e5 10. Qb3 Nxe3 11. fxe3 Bg5 12. Bxc6 Bxe3+ 13. Kh1 bxc6 14. dxe5 Qg5 15. Na3 Be6 16. c4 Qxe5 17. Nc2 Bh6 18. Ned4 Rab8 19. Nxc6 Rxb3 20. Nxe5 Rxb2 21. Nd4 Rd8 22. Nec6 Rd6 23. c5 Bd5 24. Rae1 Bxg2+ 25. Kg1 Bxc6 26. cxd6 Bd7 27. dxc7 Kf8 28. Ne6+ Bxe6 29. Rxe6 Rc2 30. Rd1 fxe6 31. Rd8+ Kf7 32. c8=Q Rxc8 33. Rxc8 Bg5 34. Kf2 Bf4 35. h3 Kf6 36. Ra8 Bc7 37. Kf3 Bb6 38. Rf8+ Ke7 39. Rb8 Kf6 40. Ke4 h6 41. h4 Bc5 42. a4 Bb6 43. Rb7 g6 44. Rd7 Bf2 45. a5 Bg1 46. a6 Bf2 47. Rb7 Bg1 48. Rb8 Bc5 49. Rb7 Bg1 50. Rh7 h5 51. Rb7 Bf2 52. Rc7 Bg1 53. Rc1 Bb6 54. Rf1+ Ke7 55. Ke5 Bc7+ 56. Kd4 Bb6+ 57. Kc4 Be3 58. Kb5 Kd6 59. Rf3 Bd4 60. Rg3 Bf2 61. Rxg6 Bxh4 62. Rh6 Bf2 63. Rxh5 e5 64. Rh2 Bd4 65. Kc4 Be3 66. Re2 Bd4 67. Rd2 Kc6 68. Rxd4 exd4 69. Kxd4 1/2-1/2

[Event "FIDE WCCC U8 2018"]
[Site "Santiago de Compostela"]
[Date "2018.11.12"]
[Round "8"]
[White "Mrinmoy Rajkhowa"]
[Black "Mamedov, Edgar"]
[Result "1-0"]
[ECO "B01"]
[WhiteElo "1294"]
[BlackElo "1599"]
[Annotator "NA RC"]
[PlyCount "150"]
[EventDate "2018.11.04"]
[EventType "swiss"]
[EventCountry "ESP"]
[SourceTitle "playchess.com"]
[Source "ChessBase"]
[SourceQuality "1"]
[TimeControl "40/5400+30:1800+30"]

1. e4 d5 2. exd5 Qxd5 3. Nc3 Qd8 4. d4 Nf6 5. Nf3 Bg4 6. Be2 e6 7. h3 Bxf3 8. Bxf3 c6 9. O-O Be7 10. Ne4 Nbd7 11. Bf4 Nxe4 12. Bxe4 Nf6 13. Bf3 O-O 14. c3 Qd7 15. Qc2 Nd5 16. Bg3 Bd6 17. Bxd6 Qxd6 18. Rad1 Rad8 19. Qb3 Rd7 20. Rfe1 h6 21. a3 Rfd8 22. Qc2 Qc7 23. Rd2 c5 24. Red1 c4 25. Re1 b5 26. Bxd5 Rxd5 27. Rde2 a5 28. Re5 Qb6 29. Rxd5 Rxd5 30. Re5 Rxe5 31. dxe5 Qc6 32. Qe2 Qd5 33. Kf1 a4 34. f3 Kf8 35. Kf2 g5 36. Qe3 Kg7 37. g4 Qd1 38. Qe1 Qc2+ 39. Qe2 Qc1 40. Kg2 Kf8 41. Qf2 Kg7 42. Qe2 Qb1 43. Qd2 Kg6 44. Qe2 Qc1 45. Qe4+ Kg7 46. Qe2 h5 47. gxh5 Kh6 48. Kh2 Qf4+ 49. Kg2 Kxh5 50. Qe1 Kh6 51. Qe2 Kg7 52. Qe1 Kf8 53. Qe2 Qc1 54. Qf2 Ke8 55. Kh2 Qf4+ 56. Qg3 Qd2+ 57. Qg2 Qe3 58. Qg3 Qe2+ 59. Qg2 Qxe5+ 60. Kh1 Qe3 61. Kh2 Kd7 62. Kg3 f5 63. Kh2 Ke7 64. Qg3 Qf4 65. Kg2 Qxg3+ 66. Kxg3 Kf6 67. f4 gxf4+ 68. Kxf4 e5+ 69. Kf3 Kg5 70. Ke3 Kh4 71. Kf3 Kxh3 72. Ke3 Kg3 73. Ke2 f4 74. Ke1 f3 75. Kf1 f2 1-0

[Event "FIDE WCCC U8 2018"]
[Site "Santiago de Compostela"]
[Date "2018.11.12"]
[Round "8"]
[White "Yuruultei Batbaatar"]
[Black "Balint, Peter"]
[Result "0-1"]
[ECO "D20"]
[WhiteElo "1135"]
[BlackElo "1563"]
[Annotator "NA RC"]
[PlyCount "124"]
[EventDate "2018.11.04"]
[EventType "swiss"]
[EventCountry "ESP"]
[SourceTitle "playchess.com"]
[Source "ChessBase"]
[SourceQuality "1"]
[TimeControl "40/5400+30:1800+30"]

1. d4 d5 2. c4 dxc4 3. e3 e5 4. Nf3 exd4 5. Qxd4 Qxd4 6. Nxd4 Bb4+ 7. Bd2 Bxd2+ 8. Nxd2 Bd7 9. Bxc4 Nf6 10. O-O O-O 11. N2f3 Nc6 12. a3 h6 13. Rfd1 Nxd4 14. Rxd4 Bf5 15. Ne5 Rae8 16. Nf3 g5 17. Rad1 c5 18. R4d2 Ne4 19. Re2 Rd8 20. Ree1 Kg7 21. Kf1 g4 22. Ng1 Nd2+ 23. Rxd2 Rxd2 24. Re2 Rd1+ 25. Re1 Rfd8 26. Ne2 Bc2 27. Nf4 Rxe1+ 28. Kxe1 Rd1+ 29. Ke2 Rb1 30. Kd2 Bf5 31. b3 Rh1 32. Nh5+ Kg6 33. Nf4+ Kf6 34. Nh5+ Kg5 35. Bxf7 Rxh2 36. Nf4 Kf6 37. Bd5 b6 38. Nd3 Bxd3 39. Kxd3 Rh1 40. Bc4 Ra1 41. a4 h5 42. Ke4 Rd1 43. f3 Kg5 44. Be6 Rd2 45. g3 Rg2 46. Bf7 Rxg3 47. f4+ Kh6 48. f5 h4 49. Kf4 Rg1 50. e4 h3 51. e5 h2 52. Bd5 g3 53. e6 g2 54. e7 h1=Q 55. e8=Q Rf1+ 56. Ke5 Re1+ 57. Be4 Rxe4+ 58. Kxe4 g1=Q+ 59. Kd3 Qd5+ 60. Kc2 Qgd1+ 61. Kb2 Q5d4+ 62. Ka2 Q1a1# 0-1

[Event "FIDE WCCC U8 2018"]
[Site "Santiago de Compostela"]
[Date "2018.11.13"]
[Round "9"]
[White "Finek, Vaclav"]
[Black "Chen, Zhiyuan"]
[Result "1-0"]
[ECO "D76"]
[WhiteElo "1942"]
[BlackElo "1459"]
[Annotator "NA RC"]
[PlyCount "126"]
[EventDate "2018.11.04"]
[EventType "swiss"]
[EventCountry "ESP"]
[SourceTitle "playchess.com"]
[Source "ChessBase"]
[SourceQuality "1"]
[TimeControl "40/5400+30:1800+30"]

1. d4 Nf6 2. c4 g6 3. Nf3 Bg7 4. g3 O-O 5. Bg2 {[%emt 0:00:00] LiveBook: 13853 Games} d5 6. cxd5 Nxd5 7. O-O Nb6 8. Nc3 Nc6 9. e3 Re8 10. d5 Ne5 {[%emt 0:00:30] D76: Fianchetto Grünfeld: Main Line with 7...Nb6} (10... Na5 11. Nd4 Bd7 12. b4 Nac4 13. Qc2 Qc8 14. Rd1 Bh3 15. Bh1 a5 16. b5 Bg4 17. Nce2 e5 18. dxe6 fxe6 19. Rb1 e5 20. Nb3 {0-1 (37) Jobava,B (2714)-Maghsoodloo,P (2584) Bandar e Anzali 2017}) 11. Nd4 Bd7 12. Qe2 $146 ({Predecessor:} 12. f4 Bg4 13. Qc2 Nec4 14. h3 Bxd4 15. exd4 Bf5 16. Qd1 Nd6 17. a4 a5 18. b3 {1-0 (43) Baklanov,V (2479)-Larin,I (2307) ICCF email 2009}) 12... e6 (12... c5 $11 {hält das Gleichgewicht.} 13. dxc6 Nxc6) 13. dxe6 $16 {[%emt 0:01:05] and life is bright.} (13. Nxe6 $2 ) 13... Bxe6 14. Nxe6 Rxe6 15. Rd1 (15. Bxb7) 15... Qe7 16. e4 f5 17. Nd5 $2 (17. exf5 $18 gxf5 18. Nd5 (18. Bxb7 Ng4 $16)) 17... Nxd5 18. Rxd5 (18. exf5 $16 Nf3+ 19. Qxf3 Re1+ 20. Bf1 Rxd1 21. Qxd1) 18... Nc6 (18... fxe4 $11 {hält das Gleichgewicht.} 19. Be3 Nd3) 19. Qc4 (19. Bf4 $16) 19... fxe4 20. Bh3 Kh8 21. Bg5 Rf6 22. Bxf6 Qxf6 23. Qxe4 Qxb2 24. Re1 Rf8 25. Qe2 Qb6 26. Bg2 Bd4 27. Rf1 a6 28. h4 Nb4 29. Rd7 Qf6 30. Qe7 Qxe7 31. Rxe7 c5 32. Bxb7 Nd3 33. Bxa6 Ne5 34. a4 Nf3+ 35. Kh1 Nd2 36. Rd1 Rxf2 37. Re2 Rxe2 38. Bxe2 Nb3 (38... Bc3 $142 39. Kg2 Bb4) 39. Rb1 Nd2 (39... Na5 $142 40. Rb5 Bc3 41. Rxc5 Be1) 40. Rb8+ Kg7 41. Kg2 c4 42. a5 Nb3 43. a6 Na5 (43... c3 ) 44. Rc8 c3 45. Rxc3 Bb6 46. a7 Bxa7 47. Rc7+ Kf6 48. Rxa7 Nb3 49. Rxh7 Nd4 50. Bc4 Nf5 $18 51. Rf7+ Ke5 52. Rxf5+ Kxf5 53. Kf3 Ke5 54. Kg4 Kf6 55. Bd3 Kg7 56. Kg5 Kh7 57. Bxg6+ Kg7 58. h5 Kh8 59. Kf6 Kg8 60. g4 Kh8 61. g5 Kg8 62. h6 Kh8 63. Bc2 Kg8 1-0

[Event "FIDE WCCC U8 2018"]
[Site "Santiago de Compostela"]
[Date "2018.11.13"]
[Round "9"]
[White "Nurgaliyev, Sauat"]
[Black "Lam, Chun Yung Samuel"]
[Result "1-0"]
[ECO "D02"]
[WhiteElo "1764"]
[BlackElo "1309"]
[Annotator "NA RC"]
[PlyCount "79"]
[EventDate "2018.11.04"]
[EventType "swiss"]
[EventCountry "ESP"]
[SourceTitle "playchess.com"]
[Source "ChessBase"]
[SourceQuality "1"]
[TimeControl "40/5400+30:1800+30"]

1. d4 d5 2. Nf3 c5 3. g3 Nf6 4. Bg2 Bg4 5. c4 e6 6. Ne5 Bh5 7. Qa4+ Nbd7 8. Bg5 Be7 9. cxd5 exd5 10. Bh3 b5 11. Qxb5 Rb8 12. Qc6 Rb6 13. Bxd7+ Nxd7 14. Qxd7+ Qxd7 15. Nxd7 Kxd7 16. Bxe7 Kxe7 17. dxc5 Rxb2 18. Nc3 Ke6 19. f3 Rc2 20. Nd1 Rb8 21. Ne3 Rxc5 22. Kf2 Rb2 23. Rhd1 Ke5 24. Rdb1 Rcb5 25. Rd1 R2b4 26. Rac1 d4 27. f4+ Ke6 28. Nc2 Kd5 29. Nxb4+ Rxb4 30. Rd2 Bg6 31. Rc7 Ra4 32. g4 d3 33. f5 Bxf5 34. gxf5 Rf4+ 35. Kg3 Rxf5 36. Rxd3+ Ke6 37. Rc6+ Ke7 38. Rc7+ Ke6 39. Rxa7 Rg5+ 40. Kf3 {[%emt 0:00:00] Kd5 Ke4+} 1-0

[Event "FIDE WCCC U8 2018"]
[Site "Santiago de Compostela"]
[Date "2018.11.13"]
[Round "9"]
[White "Schnaider, Ilan"]
[Black "Levitan, Caleb Levi"]
[Result "0-1"]
[ECO "B72"]
[WhiteElo "1723"]
[BlackElo "1087"]
[Annotator "NA RC"]
[PlyCount "98"]
[EventDate "2018.11.04"]
[EventType "swiss"]
[EventCountry "ESP"]
[SourceTitle "playchess.com"]
[Source "ChessBase"]
[SourceQuality "1"]
[TimeControl "40/5400+30:1800+30"]

1. e4 c5 2. Nf3 d6 3. d4 cxd4 4. Nxd4 Nf6 5. Nc3 g6 6. Be3 Bg7 7. g3 Nc6 8. Bg2 O-O 9. O-O Bd7 10. h3 Rc8 11. Qe2 Nxe4 12. Nxe4 Nxd4 13. Bxd4 Bxd4 14. c3 Bg7 15. Rfe1 d5 16. Nd2 e6 17. Rad1 Qb6 18. Nf3 Qb5 19. Qd2 Qa5 20. Nd4 Rc4 21. Bf1 Ra4 22. Nb3 Qb6 23. Nc1 Bb5 24. b3 Ra6 25. Nd3 Bxd3 26. Bxd3 Ra3 27. Ra1 Rc8 28. Qf4 Qc7 29. Qb4 Ra5 30. c4 Bxa1 31. Rxa1 dxc4 32. bxc4 Qb6 33. Qc3 Rd5 34. Bf1 Qd4 35. Qe1 Re5 36. Qb1 Rd8 37. Qc1 Rf5 38. Qe1 Rxf2 39. Qxf2 Qxa1 40. Qxa7 Qd4+ 41. Qxd4 Rxd4 42. Bg2 Rxc4 43. Bxb7 Ra4 44. Kf2 Rxa2+ 45. Kf3 Kg7 46. Be4 f5 47. Bd3 e5 48. Bc4 Rc2 49. Bf1 e4+ 0-1

[Event "FIDE WCCC U8 2018"]
[Site "Santiago de Compostela"]
[Date "2018.11.13"]
[Round "9"]
[White "Lu, Miaoyi"]
[Black "Azadaliyev, Jahandar"]
[Result "0-1"]
[ECO "A80"]
[WhiteElo "1717"]
[BlackElo "1674"]
[Annotator "NA RC"]
[PlyCount "76"]
[EventDate "2018.11.04"]
[EventType "swiss"]
[EventCountry "ESP"]
[SourceTitle "playchess.com"]
[Source "ChessBase"]
[SourceQuality "1"]
[TimeControl "40/5400+30:1800+30"]

1. d4 f5 2. Bg5 d6 3. e3 g6 4. Nc3 Bg7 5. h4 h6 6. Bf4 Nf6 7. Bd3 Nbd7 8. Nge2 c6 9. h5 g5 10. Bg3 Nb6 11. Qd2 a5 12. O-O-O Be6 13. Kb1 Qd7 14. f4 O-O-O 15. e4 fxe4 16. Nxe4 Nxe4 17. Bxe4 Bxa2+ 18. Kxa2 Qe6+ 19. b3 Qxe4 20. Nc3 Qf5 21. fxg5 hxg5 22. Rdf1 Qg4 23. Ne2 Rxh5 24. Rxh5 Qxh5 25. Re1 Qg6 26. Nc1 Bf6 27. Nd3 Qf5 28. Re2 a4 29. Qc3 Nd5 30. Qc4 Qg4 31. Nf2 Qxg3 32. Qxa4 Nc3+ 33. Kb2 Nxa4+ 34. bxa4 Bxd4+ 35. Ka2 Qc3 36. Nd3 Qa1+ 37. Kb3 Qb1+ 38. Kc4 e5 0-1

[Event "FIDE WCCC U8 2018"]
[Site "Santiago de Compostela"]
[Date "2018.11.13"]
[Round "9"]
[White "Udipi, Kala Kishan"]
[Black "Begmuratov, Khumoyun"]
[Result "0-1"]
[ECO "A51"]
[WhiteElo "1653"]
[BlackElo "1880"]
[Annotator "NA RC"]
[PlyCount "76"]
[EventDate "2018.11.04"]
[EventType "swiss"]
[EventCountry "ESP"]
[SourceTitle "playchess.com"]
[Source "ChessBase"]
[SourceQuality "1"]
[TimeControl "40/5400+30:1800+30"]

1. d4 Nf6 2. c4 e5 3. e3 exd4 4. exd4 Bb4+ 5. Bd2 Bxd2+ 6. Nxd2 O-O 7. Bd3 d5 {[%emt 0:02:01] A51: Budapest Gambit, Fajarowicz Variation} 8. c5 (8. Ne2 dxc4 9. Nxc4 Nc6 10. Ne3 Qd6 11. Qd2 Be6 12. O-O Rad8 13. Rfd1 Ng4 14. Nxg4 Bxg4 15. f3 {0-1 (27) Biocanin,G (2314)-Nestorovic,N (2393) Belgrade 2008}) 8... Nc6 9. Ne2 Bg4 10. f3 Bd7 11. O-O Qe7 $146 ({Predecessor:} 11... Nh5 12. Nb3 f5 13. Ng3 Nxg3 14. hxg3 Qg5 15. Kf2 {0-1 (28) Teriete,J (1567)-Schoebel,E (1703) Germany 2005}) 12. Nb3 Qe3+ 13. Kh1 Rfe8 14. a3 a5 15. Nbc1 Kh8 16. Bc2 Re7 17. h3 ({White should play} 17. Ba4) 17... Rae8 (17... Nh5 $19 18. Qd3 Qh6) 18. f4 $1 Ne4 19. Bxe4 $1 Qxe4 20. Nc3 Qxd4 21. Qxd4 (21. Nxd5 $15 Qxd1 22. Rxd1 Re1+ 23. Rxe1 Rxe1+ 24. Kh2) 21... Nxd4 22. Nxd5 {[%emt 0:00:14] [#]} Re1 (22... Bb5 $1 $17 23. Rg1 Rd7) 23. Rxe1 (23. Na2 $15 Rxa1 24. Rxa1) 23... Rxe1+ 24. Kh2 Nc2 25. Rb1 Bc6 26. Nxc7 $2 (26. Nc3 $17 {only move.}) 26... a4 27. Na8 Be4 28. Nb6 Nb4 29. Ra1 Nd3 30. Nxd3 (30. Nxa4 $17 Nxf4 31. Nb3) 30... Rxa1 31. Nb4 Rf1 32. Kg3 Rg1 33. Nxa4 Rxg2+ 34. Kh4 Bf3 35. Nd3 f6 36. f5 g6 37. fxg6 hxg6 38. Ne1 g5# 0-1

[Event "FIDE WCCC U8 2018"]
[Site "Santiago de Compostela"]
[Date "2018.11.13"]
[Round "9"]
[White "Mamedov, Edgar"]
[Black "Yonal, Timur"]
[Result "1-0"]
[ECO "A48"]
[WhiteElo "1599"]
[BlackElo "1524"]
[Annotator "NA RC"]
[PlyCount "113"]
[EventDate "2018.11.04"]
[EventType "swiss"]
[EventCountry "ESP"]
[SourceTitle "playchess.com"]
[Source "ChessBase"]
[SourceQuality "1"]
[TimeControl "40/5400+30:1800+30"]

1. d4 Nf6 2. Nf3 g6 3. Bf4 Bg7 4. e3 d6 5. h3 O-O 6. Be2 c5 7. c3 cxd4 8. exd4 d5 9. O-O Nc6 10. Nbd2 Bf5 11. Re1 Rc8 12. Bf1 a6 13. a4 Na5 14. Qe2 Re8 15. Ne5 Nc6 16. Qe3 Qb6 17. b4 Nd7 18. Nxd7 Bxd7 19. Nb3 Bf5 20. a5 Qa7 21. b5 axb5 22. Bxb5 e5 23. dxe5 Qxe3 24. Rxe3 Re7 25. Bxc6 bxc6 26. Nc5 Ra7 27. g4 Be6 28. Ree1 Bf8 29. Be3 Raa8 30. a6 Rc7 31. Reb1 Bc8 32. Nb7 c5 33. Bf4 Rd7 34. Ra5 d4 35. cxd4 cxd4 36. Kf1 Be7 37. g5 Kg7 38. Ke2 d3+ 39. Ke1 Kf8 40. Rb6 Rd4 41. Bd2 Ke8 42. Nd6+ Bxd6 43. exd6 Ra7 44. Be3 Re4 45. Kd2 Kd7 46. Kxd3 Re6 47. Kc4 f6 48. Kb5 Re5+ 49. Bc5 fxg5 50. Rc6 h5 51. Rxc8 Kxc8 52. Kc6 Rxc5+ 53. Kxc5 h4 54. Kb6 Kb8 55. Re5 Rb7+ 56. axb7 g4 57. Re8# 1-0

[Event "FIDE WCCC U8 2018"]
[Site "Santiago de Compostela"]
[Date "2018.11.13"]
[Round "9"]
[White "Balint, Peter"]
[Black "Zverev, Lev"]
[Result "0-1"]
[ECO "C50"]
[WhiteElo "1563"]
[BlackElo "1723"]
[Annotator "NA RC"]
[PlyCount "158"]
[EventDate "2018.11.04"]
[EventType "swiss"]
[EventCountry "ESP"]
[SourceTitle "playchess.com"]
[Source "ChessBase"]
[SourceQuality "1"]
[TimeControl "40/5400+30:1800+30"]

1. e4 e5 2. Nf3 Nc6 3. Bc4 Bc5 4. O-O Nf6 5. d3 d6 6. a4 a6 7. Nbd2 h6 8. h3 O-O 9. c3 Ba7 10. Re1 Ne7 11. Nf1 Ng6 12. Ng3 Be6 13. Ba2 Qd7 14. d4 Rad8 15. Kh2 Qc8 16. Qc2 Ne7 17. Bxe6 Qxe6 18. Kg1 Nh7 19. Be3 Bb8 20. d5 Qg6 21. Nh4 Qf6 22. Nhf5 Nxf5 23. Nxf5 Rfe8 24. Qe2 Nf8 25. Qg4 Qg6 26. Qxg6 fxg6 27. Ng3 c6 28. c4 Bc7 29. b4 a5 30. b5 c5 31. b6 Bxb6 32. Rab1 Bc7 33. Rxb7 Rd7 34. Reb1 Bd8 35. Bd2 Rc7 36. Rxc7 Bxc7 37. Rb7 Rc8 38. Ne2 Nd7 39. Nc3 Nb6 40. Nb5 Nxc4 41. Nxc7 Nxd2 42. Ne6 c4 43. Rxg7+ Kh8 44. Rxg6 Nf3+ 45. gxf3 c3 46. Rxh6+ Kg8 47. Rg6+ Kh7 48. Rg4 Rg8 49. Nf8+ Kh8 50. Ng6+ Rxg6 51. Rxg6 c2 52. Rxd6 c1=Q+ 53. Kg2 Qa3 54. Re6 Qxa4 55. Rxe5 Qd7 56. Rh5+ Kg8 57. d6 a4 58. Ra5 Qg7+ 59. Kh2 Qb2 60. Rg5+ Kf7 61. Kg3 Qf6 62. Rf5 Qxf5 63. exf5 a3 64. f6 Kxf6 65. d7 Ke7 66. d8=Q+ Kxd8 67. f4 a2 68. f3 a1=Q 69. Kg4 Ke7 70. f5 Kf6 71. h4 Qb1 72. f4 Qxf5+ 73. Kg3 Qh5 74. Kh3 Qf3+ 75. Kh2 Kf5 76. h5 Kg4 77. h6 Qf2+ 78. Kh1 Kg3 79. h7 Qh2# 0-1